 Dungeon Crawl Stone Soup version 0.31.0-11-ge490571c62 (webtiles) character file.

Game seed: 10039866935914551495

53 qw the Shooter (level 3, 0/20 HPs)
             Began as a Deep Elf Hunter on Feb 3, 2024.
             Hit by a goblin thrown by Robin (3 damage)
             ... on level 2 of the Dungeon.
             The game lasted 00:00:03 (1037 turns).

qw the Shooter (Deep Elf Hunter)                    Turns: 1037, Time: 00:00:03

Health: 0/20       AC:  7    Str: 10    XL:     3   Next: 62%
Magic:  5/5        EV: 11    Int: 13    God:
Gold:   40         SH:  0    Dex: 18    Spells: 2/2 levels left

rFire   . . .        a - +0 shortbow (drain)
rCold   . . .        (shield currently unavailable)
rNeg    . . .        h - +2 ring mail
rPois   .            (no helmet)
rElec   .            (no cloak)
rCorr   .            (no gloves)
SInv    .            (no boots)
Will    .....        (no amulet)
Stlth   +            (no ring)
HPRegen 0.23/turn    (no ring)
MPRegen 0.09/turn

%: no passive effects
@: no status effects
A: no striking features
a: no special abilities


You were on level 2 of the Dungeon.
You visited 1 branch of the dungeon, and saw 2 of its levels.

You collected 73 gold pieces.
You spent 33 gold pieces at shops.


   Skills:
 - Level 1.5 Fighting
 + Level 7.1 Ranged Weapons
 - Level 2.4 Dodging
 - Level 1.2 Stealth


You had 2 spell levels left.
You didn't know any spells.
Your spell library was empty.

Inventory:

Hand Weapons
 a - a +0 shortbow of draining (weapon)
Armour
 h - a +2 ring mail (worn)
Jewellery
 c - a ring of protection from fire
Scrolls
 b - 2 scrolls of fear {unknown}
Potions
 i - 3 potions of curing {unknown}

Dungeon Overview and Level Annotations

Branches:
Dungeon (2/15)

Altars:

Shops:
D:2 *

Annotations:
D:2 Robin


Message History

Robin throws the goblin at you!
A goblin comes into view. It is wielding a +0 dagger.
You shoot an arrow. The goblin shouts!
The arrow hits the goblin.
The goblin is severely wounded.
You hear a shout!
The goblin barely misses you.
A hobgoblin comes into view.
You hear a shout!
You shoot an arrow. The arrow barely misses the goblin.
The hobgoblin shouts!
Robin roars a battlecry!
The goblins go into a battle-frenzy!
The goblin hits you but does no damage. The goblin hits you with a +0 dagger.
Robin says, "My army is invincible!"
You shoot an arrow. The arrow barely misses the goblin.
The goblin hits you but does no damage.
You shoot an arrow. The arrow hits the goblin!
You kill the goblin!
Robin throws the goblin at you!
You shoot an arrow.
The arrow completely misses the hobgoblin.
The goblin hits you with a +0 club. The hobgoblin hits you.
You shoot an arrow. The arrow hits the hobgoblin.
The hobgoblin is heavily wounded.
The goblin closely misses you.
Robin laughs in a distinctly smug fashion.
The hobgoblin hits you.
You shoot an arrow. The arrow hits the hobgoblin.
You kill the hobgoblin!
A goblin comes into view. It is wielding a +0 dagger.
The goblin closely misses you.
A goblin comes into view. It is wielding a +0 club.
The goblin hits you with a +0 club.
You shoot an arrow. The arrow barely misses Robin.
The goblin shouts! x2
The goblin hits you with a +0 club. Robin throws the goblin at you!
You die...
Robin calls out, "Let's celebrate!
Time for a feast!"

#.##.# #.####.#
#.##.######.####.#
..##.##..........#
####.##..##.###.##
#.##.:##.# #.#
#.##..##.###.########
##.##...........:.....
###...#..##.###g########
#...#.>..##.....@#
#.#...#..######.gg.%.gg.
#.##.##..... ...########
#.##.##..########
#.##.##..# ...#.##..#
.....##..#####
....###......#######
#.#.# #..###.......#


You could see Robin, a hobgoblin (strong) and 3 goblins.

Vanquished Creatures
  An adder (D:2)
  2 dart slugs (D:1)
  A ball python (D:2)
  3 bats (D:2)
  4 endoplasms
  2 giant cockroaches (D:1)
  4 goblins
  7 hobgoblins
  4 kobolds
  A quokka (D:1)
  2 frilled lizards
  2 rats (D:1)
33 creatures vanquished.

Notes
Turn   | Place    | Note
-------+----------+-------------------------------------------
     0 | D:1      | qw the Deep Elf Hunter began the quest for the Orb.
     0 | D:1      | Reached XP level 1. HP: 12/12 MP: 3/3
     0 | D:1      | 0 ||| qw: Version: 0.3-a-155-g5e7d8dd
     0 | D:1      | 0 ||| qw: Game counter: 3505
     0 | D:1      | 0 ||| qw: Melee chars always use a shield: true
     0 | D:1      | 0 ||| qw: God list: Okawaru
     0 | D:1      | 0 ||| qw: Allow faded altars: false
     0 | D:1      | 0 ||| qw: Do Orc after clearing Dungeon:15 true
     0 | D:1      | 0 ||| qw: Do second Lair branch before Depths: true
     0 | D:1      | 0 ||| qw: Lair rune preference: random
     0 | D:1      | 0 ||| qw: Goals: Normal
     0 | D:1      | 0 ||| PLANNING D:1-11
   349 | D:1      | Reached skill level 6 in Ranged Weapons
   349 | D:1      | Reached XP level 2. HP: 16/16 MP: 4/4
   699 | D:1      | 699 ||| UPGRADING to +0 ring mail.
   709 | D:1      | 709 ||| DROPPING +0 leather armour.
   710 | D:1      | 710 ||| READING scroll labelled IPTAZI SIQIO.
   711 | D:1      | 711 ||| READING scroll labelled MAODDI EPITHE.
   714 | D:1      | 714 ||| READING scroll labelled LEYTWIBLAJ.
   715 | D:1      | 715 ||| READING scroll labelled FUKEILAAXA.
   715 | D:1      | 715 ||| ENCHANTING +0 ring mail.
   716 | D:1      | 716 ||| READING scroll labelled WUAPNETUOTZ.
   716 | D:1      | 716 ||| BRANDING +0 shortbow.
   717 | D:1      | 717 ||| DROPPING scroll of butterflies.
   761 | D:2      | 761 ||| READING scroll of enchant armour.
   761 | D:2      | 761 ||| ENCHANTING +1 ring mail.
   777 | D:2      | Reached XP level 3. HP: 20/20 MP: 5/5
   827 | D:2      | 827 ||| FLEEEEING.
   828 | D:2      | 828 ||| FLEEEEING.
   863 | D:2      | Found a faded altar of an unknown god.
   884 | D:2      | Found Niqufugg's Assorted Antiques.
   894 | D:2      | 894 ||| SHOPLISTING faintly glowing turquoise ring (165
                  | gold, have 54).
   894 | D:2      | 894 ||| SHOPLISTING glowing leather armour (165 gold, have
                  | 54).
   894 | D:2      | 894 ||| SHOPLISTING lead wand (132 gold, have 54).
   894 | D:2      | 894 ||| BUYING scroll labelled AXIOMODITY (33 gold).
   894 | D:2      | Bought a scroll labelled AXIOMODITY for 33 gold pieces
   894 | D:2      | 894 ||| SHOPLISTING scroll labelled JAMUBI FELL (33 gold,
                  | have 21).
   894 | D:2      | 894 ||| SHOPLISTING scroll labelled YPHOF XIASECZI (33
                  | gold, have 21).
   944 | D:2      | Reached skill level 7 in Ranged Weapons
  1028 | D:2      | Noticed Robin
  1037 | D:2      | HP: 3/20 [goblin/+0 club[Robin] (4)]
  1037 | D:2      | Hit by a goblin thrown by Robin

Levels and vault maps discovered:
D:1:      dpeg_arrival_more_subterranean_lakeside_camping, layout_loops_ring
D:2:      layout_loops_ring, ebering_ecumenical_altar_ruins, serial_shops, shop,
          uniq_robin

Skill      XL: |  1  2  3 |
---------------+----------+-----
Ranged Weapons | 6 7 |  7.1
Fighting       | |  1.5
Dodging        | |  2.4
Stealth        | |  1.2

Action                     || total
---------------------------++-------
   Fire: Shortbow          ||   102
    Use: Scroll            ||     6
 Armour: Leather armour    ||    12
         Ring mail         ||    17
  Dodge: Dodged            ||    22

Table legend:
 A = Non-vault XP
 B = Vault XP
 C = Vault XP percentage of total XP
 D = Non-vault monster count
 E = Vault monster count
 F = Vault count percentage of total count
                 A         B        C        D         E       F
            +---------+---------+-------+---------+---------+-------
      Total |      70 |       6 |   7.9 |      30 |       3 |   9.1
            +---------+---------+-------+---------+---------+-------
        D:1 |      31 |       0 |   0.0 |      15 |       0 |   0.0
        D:2 |      39 |       6 |  13.3 |      15 |       3 |  16.7
            +---------+---------+-------+---------+---------+-------
